 Dungeon Crawl Stone Soup version 0.24.0-35-gdb84b6a5db (webtiles) character file.

Game seed: 11404671584495161035, levelgen mode: deterministic

550 Nattfarinn the Shield-Bearer (level 7, 0/60 HPs)
             Began as a Gnoll Fighter on Nov 19, 2019.
             Slain by Crazy Yiuf
             ... wielding a +2 quarterstaff of chaos
              (2 damage)
             ... while petrified by Crazy Yiuf
             ... on level 4 of the Dungeon.
             The game lasted 00:04:59 (3319 turns).

Nattfarinn the Shield-Bearer (Gnoll Fighter)        Turns: 3319, Time: 00:04:59

Health: 0/60       AC: 13    Str: 18    XL:     7   Next: 29%
Magic:  7/10       EV:  2    Int: 15    God:
Gold:   144        SH:  0    Dex: 15    Spells: 10/10 levels left

rFire    . . .     SeeInvis .   w - +2 dagger (venom)
rCold    . . .     Gourm    .   c - +0 shield
rNeg     + + +     Faith    .   v - +0 plate armour
rPois    ∞         Spirit   .   (no helmet)
rElec    .         Reflect  .   (no cloak)
rCorr    .         Harm     .   (no gloves)
MR       .....                  (no boots)
Stlth    ..........             (no amulet)
HPRegen  0.20/turn              k - +3 ring of intelligence
MPRegen  0.12/turn              (no ring)

@: lethally poisoned (0 -> 0), petrified, very slightly contaminated, lightly
drained, invisible
A: distributed training, fangs 1, strong nose
a: no special abilities


You were on level 4 of the Dungeon.
You were not hungry.

You visited 1 branch of the dungeon, and saw 4 of its levels.

You collected 144 gold pieces.

Inventory:

Hand Weapons
 a - a +0 trident
 n - a +2 flail of holy wrath
 w - a +2 dagger of venom (weapon)
Armour
 b - a +0 scale mail
 c - a +0 shield (worn)
 p - the +1 leather armour of Risolurgh {rN+ MR+ Str+2}
   (You found it on level 4 of the Dungeon)

   It affects your strength (+2).
   It protects you from negative energy.
   It affects your resistance to hostile enchantments.
 v - a +0 plate armour (worn)
Jewellery
 k - a +3 ring of intelligence (left hand)
Scrolls
 g - a scroll of magic mapping {unknown}
 h - 3 scrolls of remove curse {unknown}
 j - a scroll of enchant weapon {unknown}
 l - 4 scrolls of teleportation {unknown}
 r - 4 scrolls of identify {unknown}
Potions
 d - 2 potions of might
 e - a potion of invisibility {unknown}
 i - 2 potions of curing {unknown}
 m - 2 potions of heal wounds {unknown}
 o - a potion of magic {unknown}
 q - a potion of haste {unknown}
 t - 3 potions of brilliance {unknown}
 u - a potion of resistance {unknown}
Comestibles
 f - 13 rations
 s - a chunk of flesh


   Skills:
 + Level 7.0(6.7) Fighting
 + Level 2.3(2.1) Short Blades
 + Level 2.3(2.1) Long Blades
 + Level 2.3(2.1) Axes
 + Level 2.3(2.1) Maces & Flails
 + Level 5.2(4.9) Polearms
 + Level 2.3(2.1) Staves
 + Level 2.3(2.1) Slings
 + Level 2.3(2.1) Bows
 + Level 2.3(2.1) Crossbows
 + Level 2.3(2.1) Throwing
 + Level 7.0(6.7) Armour
 + Level 2.3(2.1) Dodging
 + Level 2.3(2.1) Stealth
 + Level 7.0(6.7) Shields
 + Level 2.3(2.1) Unarmed Combat
 + Level 2.3(2.1) Spellcasting
 + Level 1.9(1.7) Conjurations
 + Level 1.9(1.7) Hexes
 + Level 1.9(1.7) Charms
 + Level 1.9(1.7) Summonings
 + Level 1.9(1.7) Necromancy
 + Level 1.9(1.7) Translocations
 + Level 1.9(1.7) Transmutations
 + Level 1.9(1.7) Fire Magic
 + Level 1.9(1.7) Ice Magic
 + Level 1.9(1.7) Air Magic
 + Level 1.9(1.7) Earth Magic
 + Level 1.9(1.7) Poison Magic
 + Level 2.6(2.4) Invocations
 + Level 2.3(2.1) Evocations


You had 10 spell levels left.
You didn't know any spells.
Your spell library contained the following spells:

 Spells                   Type           Power        Failure   Level  Hunger
 Animate Skeleton         Necr           N/A          100%        1    #......
 Pain                     Necr           #...         100%        1    #......
 Regeneration             Chrm/Necr      #.........   100%        3    ###....
 Vampiric Draining        Necr           #.........   100%        3    ###....
 Animate Dead             Necr           N/A          100%        4    #####..


Dungeon Overview and Level Annotations

Branches:
Dungeon (4/15)
 Temple: D:4-7

Altars:
Ashenzari
Dithmenos
Makhleb
Qazlal
Wu Jian
The Shining One

Shops:
D:4 ?

Annotations:
D:4 Crazy Yiuf


Innate Abilities, Weirdness & Mutations

Your experience applies equally to all skills.
You have very sharp teeth.
Your uncanny sense of smell can sniff out nearby items.


Message History

Crazy Yiuf hits you with a +2 quarterstaff of chaos.
You feel your power leaking away. Crazy Yiuf hits you but does no damage.
Crazy Yiuf hits you but does no damage.
You are electrocuted!
* * * LOW HITPOINT WARNING * * *
Crazy Yiuf hits you with a +2 quarterstaff of chaos.
* * * LOW HITPOINT WARNING * * *
Crazy Yiuf freezes you.
Crazy Yiuf hits you with a +2 quarterstaff of chaos.
* * * LOW HITPOINT WARNING * * *
Crazy Yiuf freezes you.
* * * LOW HITPOINT WARNING * * *
Crazy Yiuf barely misses you. Crazy Yiuf barely misses you.
Crazy Yiuf hits you but does no damage.
Crazy Yiuf hits you with a +2 quarterstaff of chaos!
* * * LOW HITPOINT WARNING * * *
Crazy Yiuf burns you.
Crazy Yiuf hits you with a +2 quarterstaff of chaos.
You die...

#...................
###########
#....###...........#
..........# #....#
#....#.......
####.###### ♣....♣
#............
.......# ♣♣...♣
#....#.##.#..
####.#(## ♣♣.♣♣
#.........#..
###.....### ♣♣.♣
#....#.##.#..
#...#[....# ♣.♣♣
###.##.##....
#.#.......# ♣♣@♣
#.##>......
..........# ♣g♣♣
#.#####.#.#
..#)......# #'# #.#
#.... ...#....###
#...# #.# #####..
........# #...#
#.###...#..
...###.### #)..#
#.....#.#..
#.####...## #####
#####...#>.
##........# ##.##..
#.........## #.##..


You could see Crazy Yiuf (berserk).

Vanquished Creatures
  Menkaure (D:4)
  An ogre (D:4)
  A centaur zombie (D:4)
  An orc priest (D:3)
  3 orc wizards (D:3)
  2 iguanas (D:4)
  5 adders
  An ooze (D:1)
  An adder skeleton (D:4)
  A worm (D:4)
  A dart slug (D:2)
  4 leopard geckos
  12 orcs
  A giant cockroach (D:1)
  6 goblins
  11 hobgoblins
  10 jackals
  2 quokkas
  5 bats
  6 frilled lizards
  10 kobolds
  7 rats
92 creatures vanquished.

Notes
Turn   | Place    | Note
-------+----------+-------------------------------------------
     0 | D:1      | Nattfarinn the Gnoll Fighter began the quest for the Orb.
     0 | D:1      | Reached XP level 1. HP: 23/23 MP: 1/1
   160 | D:1      | Reached XP level 2. HP: 29/29 MP: 2/2
   332 | D:1      | Reached XP level 3. HP: 31/35 MP: 3/3
   675 | D:2      | Reached skill level 1 in Invocations
   765 | D:2      | Reached skill level 1 in Short Blades
   765 | D:2      | Reached skill level 1 in Long Blades
   765 | D:2      | Reached skill level 1 in Axes
   765 | D:2      | Reached skill level 1 in Maces & Flails
   765 | D:2      | Reached skill level 1 in Staves
   765 | D:2      | Reached skill level 1 in Slings
   765 | D:2      | Reached skill level 1 in Bows
   765 | D:2      | Reached skill level 1 in Crossbows
   765 | D:2      | Reached skill level 1 in Throwing
   765 | D:2      | Reached skill level 1 in Dodging
   765 | D:2      | Reached skill level 1 in Stealth
   765 | D:2      | Reached skill level 1 in Unarmed Combat
   765 | D:2      | Reached skill level 1 in Spellcasting
   765 | D:2      | Reached skill level 1 in Evocations
   792 | D:2      | Reached XP level 4. HP: 29/41 MP: 5/5
   910 | D:2      | Found a glowing golden altar of the Shining One.
  1495 | D:3      | Reached skill level 1 in Conjurations
  1495 | D:3      | Reached skill level 1 in Hexes
  1495 | D:3      | Reached skill level 1 in Charms
  1495 | D:3      | Reached skill level 1 in Summonings
  1495 | D:3      | Reached skill level 1 in Necromancy
  1495 | D:3      | Reached skill level 1 in Translocations
  1495 | D:3      | Reached skill level 1 in Transmutations
  1495 | D:3      | Reached skill level 1 in Fire Magic
  1495 | D:3      | Reached skill level 1 in Ice Magic
  1495 | D:3      | Reached skill level 1 in Air Magic
  1495 | D:3      | Reached skill level 1 in Earth Magic
  1495 | D:3      | Reached skill level 1 in Poison Magic
  1495 | D:3      | Reached XP level 5. HP: 43/47 MP: 6/6
  1647 | D:3      | Found a burning altar of Makhleb.
  1647 | D:3      | Found a shattered altar of Ashenzari.
  1652 | D:3      | Found a shadowy altar of Dithmenos.
  1654 | D:3      | Found an ornate altar of the Wu Jian Council.
  1656 | D:3      | Found a faded altar of an unknown god.
  2019 | D:3      | Reached XP level 6. HP: 53/53 MP: 8/8
  2268 | D:4      | Got a heavily runed leather armour
  2279 | D:4      | Identified the +1 leather armour of Risolurgh {rN+ MR+
                  | Str+2} (You found it on level 4 of the Dungeon)
  2286 | D:4      | Found a stormy altar of Qazlal.
  2709 | D:4      | Reached skill level 5 in Polearms
  2835 | D:4      | Found Laesmavo's Magic Scroll Shoppe.
  2889 | D:4      | Noticed Menkaure
  2896 | D:4      | Killed Menkaure
  2896 | D:4      | Reached XP level 7. HP: 32/60 MP: 10/10
  3302 | D:4      | Found a runed translucent door.
  3303 | D:4      | Noticed Crazy Yiuf
  3319 | D:4      | HP: 2/60 [Crazy Yiuf/+2 quarterstaff of chaos (6)]
  3319 | D:4      | Slain by Crazy Yiuf

Levels and vault maps discovered:
D:1:      nicolae_arrival_memento_mori, layout_basic
D:2:      layout_basic, tso_altar
D:3:      layout_loops_corners, chequers_temple_overflow_minitemple,
          first_ration, dk_vineyard_1
D:4:      corexii_shack_village, layout_loops_ring, grunt_qazlal_sundering,
          serial_shops, nicolae_shop_competitors_out_of_business, uniq_menkaure,
          uniq_crazy_yiuf_cottage

Skill      XL: |  1  2  3  4  5  6 |
---------------+-------------------+-----
Invocations    | 1 2 |  2.6
Short Blades   | 1 2 |  2.3
Long Blades    | 1 2 |  2.3
Axes           | 1 2 |  2.3
Maces & Flails | 1 2 |  2.3
Staves         | 1 2 |  2.3
Slings         | 1 2 |  2.3
Bows           | 1 2 |  2.3
Crossbows      | 1 2 |  2.3
Throwing       | 1 2 |  2.3
Dodging        | 1 2 |  2.3
Stealth        | 1 2 |  2.3
Unarmed Combat | 1 2 |  2.3
Spellcasting   | 1 2 |  2.3
Evocations     | 1 2 |  2.3
Conjurations   | 1 |  1.9
Hexes          | 1 |  1.9
Charms         | 1 |  1.9
Summonings     | 1 |  1.9
Necromancy     | 1 |  1.9
Translocations | 1 |  1.9
Transmutations | 1 |  1.9
Fire Magic     | 1 |  1.9
Ice Magic      | 1 |  1.9
Air Magic      | 1 |  1.9
Earth Magic    | 1 |  1.9
Poison Magic   | 1 |  1.9
Polearms       | 5 |  5.2
Fighting       | 7 |  7.0
Armour         | 7 |  7.0
Shields        | 7 |  7.0

Action                   |  1- 3 |  4- 6 |  7- 9 || total
-------------------------+-------+-------+-------++-------
Melee: Trident           |   125 |    31 |       ||   156
       Bite              |     7 |     9 |     4 ||    20
       Flail             |       |   103 |     5 ||   108
       Dagger            |       |       |    14 ||    14
 Stab: Sleeping          |       |     3 |     4 ||     7
  Eat: Chunk             |       |     7 |     1 ||     8
Armor: Scale mail        |    35 |    26 |       ||    61
       Leather armour    |       |     5 |       ||     5
       Plate armour      |       |       |     6 ||     6
Dodge: Dodged            |    32 |    30 |     4 ||    66
Block: Shield            |    60 |    56 |     8 ||   124
